 Dungeon Crawl Stone Soup version 0.28-a0-43-g560ac104fe (webtiles) character file.

Game seed: 4242452284239005029

56 Lekart the Skirmisher (level 3, -1/34 HPs)
             Began as a Draconian Chaos Knight on July 28, 2021.
             Was a Plaything of Xom.
             Slain by Natasha (3 damage)
             ... on level 1 of the Dungeon.
             The game lasted 00:01:18 (1247 turns).

Lekart the Skirmisher (Draconian Chaos Knight)      Turns: 1247, Time: 00:01:18

Health: -1/34      AC:  5    Str: 13    XL:     3   Next: 71%
Magic:  3/3        EV: 12    Int: 12    God:    Xom [......]
Gold:   3          SH:  0    Dex: 10    Spells: 2/2 levels left

rFire   . . .      SeeInvis .   e - +2 flail (vorpal)
rCold   . . .      Faith    .   (no shield)
rNeg    . . .      Spirit   .   (armour unavailable)
rPois   .          Reflect  .   (helmet restricted)
rElec   .          Harm     .   (no cloak)
rCorr   .          Rampage  .   (no gloves)
Will    .....                   (no boots)
Stlth   +.........              (no amulet)
HPRegen 0.00/turn               (no ring)
MPRegen 0.08/turn               (no ring)

@: inhibited regen, slowed, very slow
A: AC +5, unfitting armour, cold-blooded, inhibited regeneration, weak 1
a: Renounce Religion


You were on level 1 of the Dungeon.
You worshipped Xom.
You were a very special plaything of Xom.
You visited 1 branch of the dungeon, and saw 2 of its levels.

You collected 3 gold pieces.

Inventory:

Hand Weapons
 a - a +0 falchion of chaos
 e - a +2 vorpal flail (weapon)
Scrolls
 b - 2 scrolls of amnesia {unknown}
 c - 2 scrolls of noise {unknown}
 h - a scroll of teleportation {unknown}
Potions
 d - a potion of attraction {unknown}
 f - a potion of experience {unknown}
 g - a potion of lignification {unknown}


   Skills:
 * Level 4.3 Fighting
 + Level 3.6 Long Blades
 + Level 0.1 Maces & Flails
 + Level 2.5 Dodging


You had 2 spell levels left.
You didn't know any spells.
Your spell library was empty.

Dungeon Overview and Level Annotations

Branches:
Dungeon (2/15)

Altars:

Annotations:
D:1 Natasha


Innate Abilities, Weirdness & Mutations

Your plain brown scales are hard. (AC +5)
You cannot fit into any form of body armour.
You are cold-blooded and may be slowed by cold attacks.
You do not regenerate when monsters are visible.
You are weak. (Str -2)


Message History

The adder is moderately wounded.
The adder closely misses you. Natasha claws you but does no damage.
The white imp gestures at you. The puff of frost hits you!
The adder barely misses you.
You barely miss the adder.
The adder is moderately wounded.
Natasha howls an incantation.
Natasha glows brightly for a moment.
Natasha casts a spell.
The white imp hits you. The white imp freezes you. The adder bites you.
Natasha mumbles some strange words.
The white imp gestures at you. The puff of frost misses you.
The adder bites you but does no damage.
You are too injured to fight recklessly!
The adder closely misses you. The adder bites you but does no damage.
The crimson imp blinks!
The white imp disappears for a moment.
The adder closely misses you.
A dart slug comes into view.
The dart slug launches a dart at you. The slug dart misses you.
Natasha closely misses you.
There is a stone staircase leading up here.
You see here a bat corpse.
Natasha barely misses you.
You climb upwards.
The shadow imp disappears in a puff of smoke!
The crimson imp disappears in a puff of smoke!
There is a stone staircase leading down here.
You closely miss Natasha.
Natasha hisses.
Natasha mumbles some strange words.
You thump Natasha!
Natasha is severely wounded.
Natasha claws you.
* * * LOW HITPOINT WARNING * * *
The white imp hits you.
* * * LOW HITPOINT WARNING * * *
The white imp freezes you.
You feel yourself slow down.
* * * LOW HITPOINT WARNING * * *
Natasha claws you.
You die...

#......###.####### #.########..
#.....†...†.....####.########..
#..........###.................
#..........# #..####.#.........
#......#######..# #.+.........
#......# #.....# ###.........
###########.....# #.........
#...........5..######.........
#............@h............###
#..........###.####.#.#####...
##############.####.#..# #...
##...#....##.# #...
#.)..#.#####'####...
######)†..#...##.........
#.........#...##.........
#........##...##........#
#........++...####+######


You could see Natasha and a white imp (summoned).

Vanquished Creatures
  A worm (D:2)
  4 endoplasms
  4 giant cockroaches (D:1)
  5 goblins
  3 hobgoblins (D:1)
  8 jackals (D:1)
  2 quokkas (D:1)
  2 ball pythons (D:1)
  5 bats
  4 frilled lizards (D:1)
  2 kobolds
  6 rats (D:1)
46 creatures vanquished.

Notes
Turn   | Place    | Note
-------+----------+-------------------------------------------
     0 | D:1      | Lekart the Draconian Chaos Knight began the quest for the
                  | Orb.
     0 | D:1      | Reached XP level 1. HP: 19/19 MP: 1/1
   111 | D:1      | Reached XP level 2. HP: 26/26 MP: 2/2
   414 | D:1      | Reached skill level 4 in Fighting
   420 | D:1      | Reached XP level 3. HP: 18/33 MP: 3/3
   774 | D:1      | XOM: silly message
   783 | D:1      | XOM: give mutations
   783 | D:1      | Gained mutation: You do not regenerate when monsters are
                  | visible. [Xom's mischief]
   783 | D:1      | Gained mutation: You are frail. (-10% HP) [Xom's mischief]
   783 | D:1      | Lost mutation: You are frail. (-10% HP) [Xom's mischief]
   783 | D:1      | Gained mutation: You are weak. (Str -2) [Xom's mischief]
  1228 | D:2      | Noticed Natasha
  1247 | D:1      | Slain by Natasha

Illustrated notes

Levels and vault maps discovered:
D:1:      psy_arrival_radial01, layout_basic, minmay_split_cup_small
D:2:      layout_rooms, uniq_natasha

Skill      XL: |  1  2 |
---------------+-------+-----
Fighting       | 4 |  4.3
Long Blades    | |  3.6
Maces & Flails | |  0.1
Dodging        | |  2.5

Action                   || total
-------------------------++-------
Melee: Falchion          ||    87
       Tailslap          ||     9
       Flail             ||    27
 Stab: Sleeping          ||     2
       Paralysed         ||     1
Armor: Skin              ||    37
Dodge: Dodged            ||   110
       Rpst.: Falchion   ||    29

Table legend: (Time is in decaauts)
 A = Elapsed time spent in this place.
 B = Non-inter-level travel time spent in this place.
 C = Inter-level travel time spent in this place.
 D = Time resting spent in this place.
 E = Time spent auto-exploring this place.
 F = Levels seen in this place.
 G = Mean time per level.
                   A        B        C        D        E       F      G
               +--------+--------+--------+--------+--------+-----+--------+
         Total |   1270 |   1263 |      7 |      0 |   1025 |   2 |  635.0 |
       Dungeon |   1270 |   1263 |      7 |      0 |   1025 |   2 |  635.0 |
               +--------+--------+--------+--------+--------+-----+--------+

Top non-repeatable levels by time:
     D:1: 1190 daAuts
     D:2: 79 daAuts
